Cogmind - Beta 16 @@@ ROGUE MODE // 2026.02.02 @ 21:01:02 Player: jat Result: Destroyed by H-61 Shepherd with Heavy Assault Cannon Performance ------------- Evolutions (2) 1000 Regions Visited (5) 1000 Robots Destroyed (26) 130 Value Destroyed (1170) 1170 Prototype IDs (24) 480 Alien Tech Used (0) 0 Bonus (363) 363 TOTAL SCORE: 4143 Bonus ------- High Alert Combat Kills 63 Aligned with FarCom 300 Cogmind --------- Core Integrity 0/550 Matter 300/300 Energy 80/100 System Corruption 5% Temperature Cool (9) Movement Core (50) Location -8/Materials Parts ------- > --- POWER (2) -------- (None) > --- PROPULSION (3) --- (None) > --- UTILITY (3) ------ (None) > --- WEAPON (3) ------- (None) > --- INVENTORY (5) ---- Advanced Treads Reactive Plating Heavy Laser AWS/Thermal Peak State ------------ > --- POWER ------------ Light Deuterium Engine Light Angular Momentum Engine > --- PROPULSION ------- Advanced Treads Advanced Treads Advanced Treads > --- UTILITY ---------- Small Storage Unit Machine Analyzer Sensor Array > --- WEAPON ----------- AWS/Thermal Heavy Mace > --- INVENTORY -------- Light Ion Engine Advanced Treads Advanced Treads Cryofiber Web High-capacity Matter Pod Seismic Detector Propulsion Shielding Hammer [Rating: 42] Favorites ----------- Power Light Ion Engine Engine Light Ion Engine Power Core Light Nuclear Core Propulsion Light Treads Treads Light Treads Wheel Compact Wheel Utility Small Storage Unit Device Seismic Detector Storage Small Storage Unit Processor Machine Analyzer Protection Propulsion Shielding Weapon Hammer Energy Gun AWS/Thermal Ballistic Gun Assault Rifle Impact Weapon Hammer Build | -11 -10 -10 -10 -9 -8 ------- Run | Yrd Mat Min Exi Min Mat Slots Evolved 4 | . . . . . 4 Power 1 | . . . . . 1 Propulsion 1 | . . . . . 1 Utility 1 | . . . . . 1 Weapon 1 | . . . . . 1 Parts Attached 30 | 7 4 3 . . 16 Power 6 | 1 1 . . . 4 Engine 5 | 1 1 . . . 3 Core 1 | . . . . . 1 Reactor . | . . . . . . Propulsion 9 | 2 . 1 . . 6 Treads 6 | 2 . 1 . . 3 Leg . | . . . . . . Wheel 3 | . . . . . 3 Hover . | . . . . . . Flight . | . . . . . . Utility 6 | 1 2 1 . . 2 Device 3 | . 1 . . . 2 Storage 1 | 1 . . . . . Processor 1 | . . 1 . . . Hackware . | . . . . . . Protection 1 | . 1 . . . . Artifact . | . . . . . . Weapon 9 | 3 1 1 . . 4 Energy Gun 4 | 1 . . . . 3 Energy Cannon . | . . . . . . Ballistic Gun 3 | 2 . . . . 1 Ballistic Cannon . | . . . . . . Launcher . | . . . . . . Special Weapon . | . . . . . . Impact Weapon 2 | . 1 1 . . . Slashing Weapon . | . . . . . . Piercing Weapon . | . . . . . . Special Melee Weapon . | . . . . . . Unidentified Prototypes 1 | . . . . . 1 Parts Lost 19 | . 5 . . . 14 Power 4 | . 1 . . . 3 Propulsion 5 | . 2 . . . 3 Utility 5 | . . . . . 5 Weapon 5 | . 2 . . . 3 Highest Loss Streak 9 | . 3 . . . 9 To Critical Strikes . | . . . . . . Average Backups 6 | 1 4 6 7 7 6 Power . | . . . 1 1 . Propulsion . | . . . . . 1 Utility 3 | . 2 4 5 5 3 Weapon 1 | . 1 1 1 1 1 Tool/Special . | . . . . . . Unused Backups 6 | . . . 1 . 5 Power . | . . . . . . Propulsion 2 | . . . . . 2 Utility 2 | . . . . . 2 Weapon 2 | . . . 1 . 1 Tool/Special . | . . . . . . Average Slot Usage (%) 82 | . 80 81 85 85 75 Engine 13 | . 12 14 14 14 11 Treads 14 | . 21 13 14 14 13 Wheel 1 | . . . . . 7 Device 3 | . 7 6 . . 5 Storage 12 | . 11 13 14 14 9 Processor 8 | . . 7 14 14 6 Energy Gun 2 | . . 5 . . 7 Ballistic Gun 3 | . 19 . . . 1 Impact Weapon 19 | . 4 21 28 28 9 Peak Build Rating 42 | 6 7 11 12 12 42 Average Rating 12 | 4 5 8 11 12 30 On Entrance 7 | . 6 3 11 12 12 Avg Prop Armor Cover (%) . | . . . . . . Naked Turns 2 | . . . . . 2 Heaviest Build 31 | 12 13 13 13 13 31 Greatest Support 66 | 40 40 20 20 20 66 Greatest Overweight (x) 3 | 1 3 1 . . 1 Average Overweight (x) . | . . . . . . Largest Inventory Capacity 8 | 8 8 8 8 8 8 Average Capacity 7 | 7 7 7 8 8 7 Most Carried 8 | 5 7 8 8 8 8 Average Carried 6 | 2 4 6 7 8 6 Final Capacity 8 | 8 5 8 8 8 5 Final Carried 8 | 2 5 8 8 8 5 Class Distribution -------------------- 88% | Mutant 8% | Assassin 3% | Skirmisher Dominant Class ---------------- Mutant | -10/Materials Mutant | -10/Mines Mutant | -10/Exiles Mutant | -9/Mines Assassin | -8/Materials Resources | -11 -10 -10 -10 -9 -8 ----------- Run | Yrd Mat Min Exi Min Mat Matter Collected 823 | 223 67 194 . . 339 Remotely . | . . . . . . Salvage Created 1280 | . 234 . . . 1046 Parts 38 | . 5 . . . 33 Haulers Intercepted . | . . . . . . Recyclers Shooed . | . . . . . . Parts Field Recycled . | . . . . . . Retrieved Matter . | . . . . . . Parts Self-Destructed . | . . . . . . Prevented . | . . . . . . Parts Restored . | . . . . . . Kills | -11 -10 -10 -10 -9 -8 ------- Run | Yrd Mat Min Exi Min Mat Combat Hostiles Destroyed 25 | . 5 . . . 20 Guns 22 | . 3 . . . 19 AOE 1 | . . . . . 1 Classes Destroyed 6 | . 1 . . . 5 Watcher 1 | . . . . . 1 Swarmer 3 | . . . . . 3 Grunt 17 | . 5 . . . 12 Brawler 1 | . . . . . 1 Sentry 2 | . . . . . 2 Hunter 2 | . . . . . 2 Best Kill Streak 11 | . 2 . . . 11 Combat Bots Only 11 | . 2 . . . 11 Max Kills in Single Turn 1 | . 1 . . . 1 Gunslinging . | . . . . . . Exploded 1 | . . . . . 1 Melee . | . . . . . . Uniques/NPCs Destroyed . | . . . . . . Combat | -11 -10 -10 -10 -9 -8 -------- Run | Yrd Mat Min Exi Min Mat Hostile Shots Fired 255 | . 48 . . . 207 Missed 74 | . 13 . . . 61 Hits 181 | . 35 . . . 146 Projectile 181 | . 35 . . . 146 Critical Strikes 5 | . 1 . . . 4 Actively Blocked 1 | . . . . . 1 Damage Taken 2794 | . 642 24 . . 2128 Core 617 | . 66 . . . 551 Absorbed by Shields . | . . . . . . Redirected to Shielding 51 | . . . . . 51 Core Remaining (%) 86 | 100 . . . 73 . Volleys Fired 32 | . 17 1 . . 14 Largest 2 | . 2 1 . . 1 Hottest 50 | . 40 40 . . 50 Shots Fired 122 | . 27 1 . . 94 Gun 122 | . 27 1 . . 94 Cannon . | . . . . . . Launcher . | . . . . . . Special . | . . . . . . Kinetic 35 | . 27 . . . 8 Thermal 81 | . . 1 . . 80 Explosive . | . . . . . . Electromagnetic 6 | . . . . . 6 Robot Hit Streak 19 | . 4 . . . 19 Robot Miss Streak 3 | . 3 2 . . 2 Penetration Max . | . . . . . . Secondary Targets 1 | . 1 . . . . Max Gunslinging Chain 1 | . 1 . . . . Autonomous 81 | . . . . . 81 Shots Hit Robots 98 | . 18 . . . 80 Core Hits 39 | . 8 . . . 31 Critical Kills . | . . . . . . Critical Parts Destroyed 3 | . 2 . . . 1 Critical Strikes 3 | . 2 . . . 1 Destroy 1 | . . . . . 1 Smash 2 | . 2 . . . . Melee Attacks 9 | . 5 . . . 4 Impact 9 | . 5 . . . 4 Slashing . | . . . . . . Piercing . | . . . . . . Sneak Attacks . | . . . . . . Combat Hostiles . | . . . . . . Follow-up Attacks 1 | . . . . . 1 Damage Inflicted 2614 | . 278 . . . 2336 Guns 2382 | . 224 . . . 2158 Cannons . | . . . . . . Explosions 54 | . . . . . 54 Melee 178 | . 54 . . . 124 Ramming . | . . . . . . Kinetic 318 | . 224 . . . 94 Thermal 1995 | . . . . . 1995 Explosive . | . . . . . . Electromagnetic 123 | . . . . . 123 Impact 178 | . 54 . . . 124 Slashing . | . . . . . . Piercing . | . . . . . . Highest Corruption 5 | . . . . . 5 Average Corruption 5 | . . . . . 5 Corruption Purged . | . . . . . . Corruption Blocked . | . . . . . . Effects 2 | . . . . . 2 Message Errors 1 | . . . . . 1 Parts Rejected 1 | . . . . . 1 Overload Shots . | . . . . . . Overflow Damage 98 | . 54 . . . 44 Projectiles . | . . . . . . Explosions 44 | . . . . . 44 Melee 54 | . 54 . . . . Knockbacks 1 | . . . . . 1 Impact 1 | . . . . . 1 Kinetic . | . . . . . . Secondary . | . . . . . . Self-Inflicted Damage 30 | . . . . . 30 Shots 1 | . . . . . 1 Rammed . | . . . . . . Targets Rammed . | . . . . . . Kicked . | . . . . . . Crushed . | . . . . . . Highest Temperature 23 | . 9 . . . 23 Average Temperature 5 | . 2 . . . 7 Received Heat Transfer 837 | . 288 . . . 549 Siege Activations . | . . . . . . Martial Activations . | . . . . . . Shielding Activations . | . . . . . . Robots Disrupted . | . . . . . . Combat Hostiles . | . . . . . . Robots Corrupted 2 | . 2 . . . . Combat Hostiles 2 | . 2 . . . . Parts Fried 3 | . 3 . . . . Impact Corruptions 2 | . 2 . . . . Robots Melted . | . . . . . . Combat Hostiles . | . . . . . . Parts Melted 4 | . . . . . 4 Heat Transferred 2529 | . . . . . 2529 Parts Sabotaged . | . . . . . . Parts Stolen . | . . . . . . Parts Stripped . | . . . . . . Power Chain Reactions 1 | . . . . . 1 Alert | -11 -10 -10 -10 -9 -8 ------- Run | Yrd Mat Min Exi Min Mat Maximum Alert Level 2 | . . . . . 2 Low Security (%) 86 | 100 100 100 . 100 46 Level 1 4 | . . . . . 18 Level 2 8 | . . . . . 35 Level 3 . | . . . . . . Level 4 . | . . . . . . Level 5 . | . . . . . . High Security . | . . . . . . Max Security . | . . . . . . Peak Influence 509 | . 30 . . . 509 Initial . | . . . . . . Average 57 | . 6 . . . 229 Influence Increases 861 | . 132 . . . 729 Destroy 0b10 Robot/C 500 | . 100 . . . 400 Destroy 0b10 Robot/NC 5 | . . . . . 5 Destroy Leader 112 | . 20 . . . 92 Allied During Kill 10 | . . . . . 10 Successful Hack 12 | . 12 . . . . Disable Machine 15 | . . . . . 15 Anti-Garrison Action 150 | . . . . . 150 Destroy Structure 12 | . . . . . 12 Partial Spotted 15 | . . . . . 15 Lose Combat Pursuer 30 | . . . . . 30 Influence Decreases 412 | . 132 . . . 280 Time Decay 202 | . 82 . . . 120 Lost Part 190 | . 50 . . . 140 Lost Ally 20 | . . . . . 20 Squads Dispatched 6 | . . 1 . . 5 Investigation . | . . . . . . Extermination . | . . . . . . Reinforcement 2 | . . . . . 2 Assault 3 | . . 1 . . 2 Garrison 1 | . . . . . 1 Intercept . | . . . . . . Searches Triggered . | . . . . . . Construction Impeded . | . . . . . . Haulers Reinforced . | . . . . . . Active Scanning Responses . | . . . . . . Cargo Convoy Interrupts . | . . . . . . Stealth | -11 -10 -10 -10 -9 -8 --------- Run | Yrd Mat Min Exi Min Mat Distress Signals 4 | . 1 . . . 3 Communications Jammed . | . . . . . . Distress Signals . | . . . . . . Times Spotted 47 | . 10 . . . 37 Peak Tracking Total 8 | . 5 . . . 8 Tactical Retreats 2 | . . . . . 2 Traps | -11 -10 -10 -10 -9 -8 ------- Run | Yrd Mat Min Exi Min Mat Traps Triggered 1 | . . 1 . . . Indirectly . | . . . . . . Trap Hack Attempts . | . . . . . . Triggered . | . . . . . . Disarmed . | . . . . . . Reprogrammed . | . . . . . . Reused . | . . . . . . Traps Extracted . | . . . . . . Installed . | . . . . . . Triggered . | . . . . . . Machines | -11 -10 -10 -10 -9 -8 ---------- Run | Yrd Mat Min Exi Min Mat Machines Disabled 2 | . . . . . 2 Max in Single Turn 1 | . . . . . 1 Garrison Access 1 | . . . . . 1 Machines Repaired . | . . . . . . Machines Dismantled . | . . . . . . Machines Sabotaged . | . . . . . . Overloaded Fab Kills . | . . . . . . Hacking | -11 -10 -10 -10 -9 -8 --------- Run | Yrd Mat Min Exi Min Mat Machines Accessed 7 | . 2 1 1 . 3 Terminals 3 | . 1 . . . 2 Fabricators . | . . . . . . Repair Stations . | . . . . . . Recycling Units 2 | . 1 . . . 1 Scanalyzers . | . . . . . . Garrison Access . | . . . . . . Total Hacks 16 | . 10 1 1 . 4 Successful 8 | . 5 1 1 . 1 Failed 8 | . 5 . . . 3 Catastrophic 1 | . . . . . 1 Database Lockouts . | . . . . . . Manual 1 | . . . 1 . . Terminals 7 | . 4 . . . 3 Fabricators . | . . . . . . Repair Stations . | . . . . . . Recycling Units 7 | . 6 . . . 1 Scanalyzers . | . . . . . . Garrison Access . | . . . . . . Terminal Hacks 4 | . 2 1 1 . . Open Door 1 | . . 1 . . . Branch Access Points 1 | . 1 . . . . Transport Status 1 | . 1 . . . . Proto ID Catalog 1 | . . . 1 . . Fabricator Hacks . | . . . . . . Repair Station Hacks . | . . . . . . Recycling Unit Hacks 4 | . 3 . . . 1 Report Inventory 3 | . 2 . . . 1 Retrieve Components 1 | . 1 . . . . Scanalyzer . | . . . . . . Garrison Access Hacks . | . . . . . . Unauthorized Hacks . | . . . . . . Terminals . | . . . . . . Fabricators . | . . . . . . Repair Stations . | . . . . . . Recycling Units . | . . . . . . Scanalyzers . | . . . . . . Garrison Access . | . . . . . . Data Cores Recovered . | . . . . . . Used . | . . . . . . Hacking Detections 4 | . 1 . . . 3 Full Trace Events 1 | . 1 . . . . Feedback Events . | . . . . . . Feedback Blocked . | . . . . . . Robot Schematics Acquired . | . . . . . . Robots Built . | . . . . . . Authchips . | . . . . . . Time . | . . . . . . Total Robot Build Rating . | . . . . . . Part Schematics Acquired . | . . . . . . Parts Built . | . . . . . . Authchips . | . . . . . . Time . | . . . . . . Total Part Build Rating . | . . . . . . Part Studies Acquired . | . . . . . . Parts Repaired . | . . . . . . Time . | . . . . . . Parts Recycled . | . . . . . . Recycled Matter . | . . . . . . Retrieved Matter . | . . . . . . Retrieved Components 3 | . 3 . . . . Parts Scanalyzed . | . . . . . . Part Schematics Acquired . | . . . . . . Parts Damaged . | . . . . . . Bothacking | -11 -10 -10 -10 -9 -8 ------------ Run | Yrd Mat Min Exi Min Mat Used RIF Installer . | . . . . . . Robots Hacked . | . . . . . . Non-combat . | . . . . . . Combat . | . . . . . . Robot Hacks Applied . | . . . . . . Relay Couplers Released 2 | . . . . . 2 Machine Destruction 2 | . . . . . 2 Fabnet Peak Effective % . | . . . . . . Robots Rewired . | . . . . . . Allies Hacked . | . . . . . . Hacks Repelled . | . . . . . . Allies | -11 -10 -10 -10 -9 -8 -------- Run | Yrd Mat Min Exi Min Mat Total Allies 1 | . . 1 . . . Largest Group 1 | . . 1 1 1 1 Highest-Rated Group 31 | . . 31 31 31 31 Highest-Rated Ally 31 | . . 31 31 31 31 Total Orders . | . . . . . . Ally Attacks 6 | . . . . . 6 Total Damage 83 | . . . . . 83 Kills . | . . . . . . Allies Corrupted . | . . . . . . Allies Melted . | . . . . . . Intel | -11 -10 -10 -10 -9 -8 ------- Run | Yrd Mat Min Exi Min Mat Active Infowar (turns) 1976 | . 179 586 890 87 234 Sensors 201 | . . . . . 201 Seismic 440 | . 179 261 . . . Machine Analysis 1536 | . . 325 890 87 234 Robot Analysis Total . | . . . . . . Derelict Logs Recovered 2 | . . 2 . . . Drone Launches . | . . . . . . Drone Recoveries . | . . . . . . Exploration | -11 -10 -10 -10 -9 -8 ------------- Run | Yrd Mat Min Exi Min Mat Turns Passed 2324 | 63 347 586 890 87 351 Spaces Moved 1415 | 42 185 369 556 55 208 Core 115 | 18 61 30 . . 6 Treads 1217 | 24 124 339 556 55 119 Legs . | . . . . . . Wheels 83 | . . . . . 83 Hover . | . . . . . . Flight . | . . . . . . Fastest Speed 50 | 50 100 100 160 160 50 Average Speed 150 | 116 144 155 160 160 127 Slowest Speed 240 | 160 200 160 160 160 240 Overloaded Moves . | . . . . . . Propulsion Burnouts . | . . . . . . Robots Hopped . | . . . . . . Potential Cave-ins . | . . . . . . Cave-ins Triggered . | . . . . . . Exploration Rate (%) 40 | 5 32 78 92 17 21 Regions Visited 5 Branch Regions 3 Pre-discovered Areas 3 | . . 3 . . . Known Exits Taken 1 | . 1 . . . . Unknown Exits Taken 4 | 1 . 1 1 1 . Scrap Searched 1 | . . 1 . . . Spaces Dug . | . . . . . . Terrain Destroyed 12 | . . . . . 12 Melee . | . . . . . . Projectile 5 | . . . . . 5 AOE 7 | . . . . . 7 Terrain Rammed . | . . . . . . Walls Destroyed . | . . . . . . Machines Disabled . | . . . . . . Actions | -11 -10 -10 -10 -9 -8 --------- Run | Yrd Mat Min Exi Min Mat Total 1552 | 55 229 380 558 54 276 Wait 19 | . 12 . . . 7 Move 1410 | 41 184 368 555 54 208 Hop . | . . . . . . Pick Up 30 | 7 5 5 1 . 12 Fast Attach 7 | 1 . 1 . . 5 Attach 20 | 5 4 2 . . 9 Detach 4 | . 2 . . . 2 Swap 11 | 1 . 3 . . 7 Drop 11 | . . . 2 . 9 Fire 32 | . 17 1 . . 14 Melee 8 | . 5 . . . 3 Ram . | . . . . . . Kick . | . . . . . . Crush . | . . . . . . Escape Stasis . | . . . . . . Rewire . | . . . . . . Trap . | . . . . . . Miscellaneous . | . . . . . . Route ------- -11/Scrapyard -10/Materials (discovered 2 exits: *Min x2) -10/Mines (discovered 2 exits: [*Mat] / *Exi) -10/Exiles (discovered 2 exits: [*Min x2]) -9/Mines -8/Materials History --------- Turn | Location | Event 17 | -11/Scrapyard | Discovered new exit (range 15) 64 | -11/Scrapyard | Entered Materials 168 | -10/Materials | Identified exit to Mines 330 | -10/Materials | Build established: Mutant 370 | -10/Materials | Lost 3 parts (2n1w) 411 | -10/Materials | Entered Mines 438 | -10/Mines | Found DCF Scrap (12 items) 572 | -10/Mines | Discovered new exit (range 5) 574 | -10/Mines | Met a Derelict testing a Signal Generator 657 | -10/Mines | Learned location of Mines (-9) 660 | -10/Mines | Met a Derelict who couldn't figure out how to use a Trap Extractor 728 | -10/Mines | Learned location of Storage (-7) 775 | -10/Mines | Deemed a non-threat by the Exiles lab entrance 775 | -10/Mines | Discovered new exit (range 5) 831 | -10/Mines | Learned location of Zion (-6) 997 | -10/Mines | Entered Exiles 997 | -10/Exiles | Accompanied by 1 ally 1021 | -10/Exiles | Discovered new exit (range 15) 1047 | -10/Exiles | Met 8R-AWN 1074 | -10/Exiles | Met EX-HEX 1133 | -10/Exiles | Met EX-DEC 1241 | -10/Exiles | Discovered new exit (range 14) 1395 | -10/Exiles | Visited The Gauntlet 1665 | -10/Exiles | Met EX-BIN 1682 | -10/Exiles | Aligned with FarCom system 1684 | -10/Exiles | Given EX-Vault access code 1721 | -10/Exiles | Opened EX-Vault 1731 | -10/Exiles | Found AWS/Thermal 1767 | -10/Exiles | Warned to stay clear of 0b10 Research branches 1887 | -10/Exiles | Left Exiles lab with AWS/Thermal 1887 | -10/Exiles | Entered Mines 1887 | -9/Mines | Accompanied by 1 ally 1943 | -9/Mines | Discovered new exit (range 5) 1974 | -9/Mines | Entered Materials 1974 | -8/Materials | Accompanied by 1 ally 1974 | -8/Materials | Evolved 4 slots: Power x1, Propulsion x1, Utility x1, Weapon x1 2100 | -8/Materials | Garrison activated, responded to threat 2164 | -8/Materials | Destroyed 7 combat bots 2223 | -8/Materials | AWS/Thermal suddenly broke down 2237 | -8/Materials | Destroyed 11 combat bots 2306 | -8/Materials | Lost 9 parts (3p2n3u1w) 2315 | -8/Materials | Core integrity fell below 50% 2323 | -8/Materials | Core integrity fell below 20% 2325 | -8/Materials | Destroyed by H-61 Shepherd with Heavy Assault Cannon Last Messages --------------- 02311_ Adv. Treads destroyed. 02312_ X-57 Shotgunner knocked back. 02312_ K-01 Serf collects debris. 02314_ Slug penetrates Unfinished Machinery. 02315_ Hammer follow-up attack on X-57 Shotgunner. 02315_ U-05 Engineer builds a Wall. 02315_ U-05 Engineer lays Concrete. 02318_ U-05 Engineer works on Atomic Centrifuge. 02320_ Penetrated by Slug. 02320_ Sml. Storage Unit destroyed. 02321_ Dropped Hvy. Mace. 02321_ K-01 Serf collects debris. 02321_ U-05 Engineer works on Atomic Centrifuge. 02322_ Acquired Cryofiber Web. 02322_ Hammer destroyed. 02323_ U-05 Engineer destroyed. 02323_ Cryofiber Web destroyed. 02324_ K-01 Serf collects debris. 02325_ Penetrated by Slug. Map ----- +----------------------------------------------------+ | | | | | | | | | ????????????????????????????????????????? | | ????????????????????????????????????????? | | ????????????????????????????????????????? | | ????????????????????????????????????????? | | ????????????????????????????????????????? | | ????????????????????????????????????????? | | ????????????????????????????????????????? | | ????????????????????????????????????????? | | ????????????????????????????????????????? | | ????????????????????????????????????????? | | ????????????????????????????????????????? | | ????????????????????????????????????????? | | ????????????????????????????????????????? | | ????????????????????????##??????????????? | | ?????????????????????#### ??????????????? | | ?????????????????????? ?????????????? | | ??????????????????????? ?????????????? | | ????????????????????????# ?????????????? | | ???"""???????????????#####+#####????????? | | ???"""???????????""??# % #????????? | | ? """???????????"Y??# ! H #????????? | | " """???????????""??# @g<<